[Event "Titled Tuesday Blitz July 18 Late 2023"]
[White "Elsa167"]
[Black "Diano, Eden"]
[BlackFideId "5203708"]
[WhiteElo "2789"]
[BlackElo "2564"]
[Result "1-0"]
[Round "5"]
[TimeControl "180+2"]
[Date "2023.07.18"]
[WhiteClock "0:01:04"]
[BlackClock "0:00:05"]
[Board "34"]

1. d4 d5 2. c4 dxc4 3. e3 a6 4. Bxc4 Nf6 5. Nf3 b5 6. Be2 Bb7 7. a4 b4 8. Nbd2 a5 9. O-O e6 10. b3 Bd6 11. Bb2 O-O 12. Nc4 Nbd7 13. Rc1 Nb6 14. Nfe5 Nfd5 15. Bf3 f6 16. Nd3 Ba6 17. Nxa5 Qd7 18. Nc4 Rab8 19. Re1 Nc3 20. Bxc3 bxc3 21. Nxd6 Qxd6 22. Nc5 Bc8 23. Rxc3 Rd8 24. Qc2 Nd5 25. Bxd5 exd5 26. a5 Rb5 27. Ra1 Ba6 28. Nxa6 Qxa6 29. Rc6 Qa8 30. a6 1-0


[Site "https://www.chess.com"]

[Event "Titled Tuesday Blitz July 18 Late 2023"]
[White "Zelbel, Patrick"]
[Black "ArtemDyachuk"]
[WhiteFideId "24624322"]
[WhiteElo "2786"]
[BlackElo "2536"]
[Result "1-0"]
[Round "5"]
[TimeControl "180+2"]
[Date "2023.07.18"]
[WhiteClock "0:00:33"]
[BlackClock "0:00:00"]
[Board "35"]

1. e4 c6 2. Nf3 d5 3. d3 Qc7 4. Nc3 Nf6 5. e5 Nfd7 6. e6 fxe6 7. g3 Nf6 8. d4 g6 9. Bf4 Qb6 10. Qd3 Bg7 11. Bg2 O-O 12. O-O Qxb2 13. Rab1 Qa3 14. Rfe1 Nbd7 15. Rb3 Qa6 16. Ng5 Qxd3 17. cxd3 Nb6 18. Bh3 Nh5 19. Ne2 e5 20. Bxc8 Raxc8 21. Bxe5 Bxe5 22. dxe5 Ng7 23. Nf4 Rxf4 24. gxf4 h6 25. Nh3 Ne6 26. Kg2 Rf8 27. Kg3 Nd4 28. Rb2 e6 29. a4 Nxa4 30. Rxb7 Nc5 31. Rxa7 Nxd3 32. Rb1 Nf5+ 33. Kf3 c5 34. Rg1 Re8 35. Rxg6+ Kh8 36. Rf6 c4 37. Rc7 Nd4+ 38. Kg4 Rg8+ 39. Kh5 Nf5 40. Rxf5 exf5 41. Kxh6 Re8 42. Ng5 Ra8 43. e6 1-0


[Site "https://www.chess.com"]

[Event "Titled Tuesday Blitz July 18 Late 2023"]
[White "Musovic, Armin"]
[Black "Oganian, Miran"]
[WhiteFideId "939935"]
[BlackFideId "4122488"]
[WhiteElo "2560"]
[BlackElo "2769"]
[Result "0-1"]
[Round "5"]
[TimeControl "180+2"]
[Date "2023.07.18"]
[WhiteClock "0:00:10"]
[BlackClock "0:00:23"]
[Board "36"]

1. a3 g6 2. Nc3 Bg7 3. e4 Nf6 4. e5 Ng8 5. d4 d6 6. f4 Nc6 7. Be3 Nh6 8. h3 O-O 9. Nf3 f6 10. Bc4+ Kh8 11. e6 a6 12. d5 b5 13. Ba2 Na5 14. O-O Bb7 15. b4 Nc4 16. Bxc4 bxc4 17. g4 c6 18. Qd4 cxd5 19. Nxd5 f5 20. Qxc4 Rc8 21. Qb3 fxg4 22. Ng5 Nf5 23. Ba7 Qe8 24. hxg4 Nd4 25. Qh3 h6 26. Rf2 Nxc2 27. Rc1 Bxd5 28. Rfxc2 Rxc2 29. Rxc2 Rxf4 30. Nf7+ Rxf7 31. exf7 Qxf7 32. g5 h5 33. Rf2 Qe8 34. Rd2 Be4 35. Qe6 Bf5 36. Qc4 Kh7 37. Bd4 e5 38. Bb2 Qe7 39. Qxa6 Qxg5+ 40. Rg2 Qe3+ 41. Kh2 Qf4+ 42. Kg1 Be4 43. Qf1 Qe3+ 44. Qf2 Qd3 45. Qe2 Qb1+ 46. Kh2 Bh6 47. Rf2 Qh1+ 48. Kg3 Qg1+ 49. Kh3 Qh1+ 50. Kg3 Bg5 51. Rh2 Bf4+ 52. Kh3 Bf5+ 53. Kh4 Bxh2 54. Kg5 Kg7 55. b5 Bf4# 0-1


[Site "https://www.chess.com"]

[Event "Titled Tuesday Blitz July 18 Late 2023"]
[White "Richter, Paul"]
[Black "Morefield, Jason"]
[WhiteFideId "2046350"]
[BlackFideId "30920825"]
[WhiteElo "2521"]
[BlackElo "2764"]
[Result "1/2-1/2"]
[Round "5"]
[TimeControl "180+2"]
[Date "2023.07.18"]
[WhiteClock "0:00:06"]
[BlackClock "0:00:11"]
[Board "37"]

1. e4 d6 2. d4 Nf6 3. Nc3 g6 4. f4 Bg7 5. Nf3 c5 6. dxc5 Qa5 7. Bd3 Qxc5 8. Qe2 O-O 9. Be3 Qa5 10. O-O Bg4 11. h3 Bxf3 12. Qxf3 Nc6 13. a3 Rfc8 14. Kh1 Nd7 15. Bd2 Qd8 16. Rab1 e6 17. Qg3 a6 18. Bc4 Nd4 19. Ba2 Nxc2 20. f5 Nd4 21. fxe6 fxe6 22. Qxd6 Nc5 23. Qg3 Qd7 24. Be3 Kh8 25. Rbd1 Rd8 26. Qg5 Qc7 27. Qh4 a5 28. Bg5 Rf8 29. Rxf8+ Rxf8 30. Be3 Ncb3 31. Bxb3 Nxb3 32. Qg4 Qc6 33. h4 b5 34. h5 gxh5 35. Qxh5 b4 36. axb4 axb4 37. Ne2 Qxe4 38. Qh3 Bxb2 39. Rd7 Bg7 40. Nf4 e5 41. Nd5 Nd4 42. Ne7 Qb1+ 43. Kh2 Qe4 44. Nd5 Qf5 45. Qxf5 Nxf5 46. Bc5 Rc8 47. Bxb4 e4 48. Ne7 Nxe7 49. Rxe7 Rg8 50. Rxe4 Bf6 51. g3 Kg7 52. Bd2 Kf7 53. Bf4 Rd8 54. Kg2 Rd5 55. Kf3 h5 56. Ra4 Rd3+ 57. Ke4 Rb3 58. Ra7+ Kg6 59. Ra4 Rb5 60. Rc4 Rb7 61. Rc6 Re7+ 62. Kf3 Kf5 63. Rc5+ Be5 64. Ke3 Kf6 65. Bxe5+ Rxe5+ 66. Rxe5 Kxe5 67. Kf3 Kf5 68. Kf2 Kg4 69. Kg2 h4 70. gxh4 Kxh4 1/2-1/2


[Site "https://www.chess.com"]

[Event "Titled Tuesday Blitz July 18 Late 2023"]
[White "NigelDwarf"]
[Black "Priasmoro, Novendra"]
[BlackFideId "7105029"]
[WhiteElo "2517"]
[BlackElo "2763"]
[Result "0-1"]
[Round "5"]
[TimeControl "180+2"]
[Date "2023.07.18"]
[WhiteClock "0:00:08"]
[BlackClock "0:00:59"]
[Board "38"]

1. Nf3 Nf6 2. c4 e6 3. Nc3 d5 4. e3 Be7 5. Be2 O-O 6. O-O c5 7. cxd5 Nxd5 8. b3 Nc6 9. Nxd5 exd5 10. Ba3 Qa5 11. Bb2 Be6 12. d4 Bf6 13. Qe1 Qxe1 14. Rfxe1 cxd4 15. Nxd4 Nxd4 16. Bxd4 Bxd4 17. exd4 Rac8 18. Rac1 Rfe8 19. Bf3 g5 20. h3 Kg7 21. Kh2 Kg6 22. Rc5 b6 23. Rcc1 h5 24. g3 g4 25. Be2 Bf5 26. hxg4 hxg4 27. Ba6 Rxc1 28. Rxc1 Be4 29. Rc6+ Kg5 30. Rc8 Re6 31. Rg8+ Bg6 32. Bb7 Re2 33. Kg2 Rxa2 34. Bxd5 Kf6 35. Bc4 a6 36. Re8 b5 37. Be2 Bf5 38. Re5 Rd2 39. Bxb5 axb5 40. Rxb5 Rxd4 41. b4 Be4+ 42. Kf1 Bd3+ 0-1


[Site "https://www.chess.com"]

[Event "Titled Tuesday Blitz July 18 Late 2023"]
[White "Fantastic_Power"]
[Black "Poltorak, Sebastian"]
[BlackFideId "1199498"]
[WhiteElo "2739"]
[BlackElo "2534"]
[Result "1-0"]
[Round "5"]
[TimeControl "180+2"]
[Date "2023.07.18"]
[WhiteClock "0:02:21"]
[BlackClock "0:00:10"]
[Board "39"]

1. e4 c6 2. d4 d5 3. e5 c5 4. dxc5 e6 5. Bd3 Bxc5 6. Qg4 Ne7 7. b4 Bb6 8. Nf3 Nd7 9. O-O Ng6 10. Re1 O-O 11. h4 Kh8 12. h5 Ne7 13. Nc3 a6 14. Ne2 Nf5 15. Ng3 Nxg3 16. Qxg3 Rg8 17. Bxh7 Rf8 18. Bd3 a5 19. b5 Nc5 20. h6 g6 21. Bg5 Qe8 22. Bf6+ Kh7 23. Ng5+ 1-0


[Site "https://www.chess.com"]

[Event "Titled Tuesday Blitz July 18 Late 2023"]
[White "Kleiman, Jake"]
[Black "Mikhailovsky, Vladimir"]
[WhiteFideId "2020041"]
[BlackFideId "34105414"]
[WhiteElo "2496"]
[BlackElo "2735"]
[Result "1/2-1/2"]
[Round "5"]
[TimeControl "180+2"]
[Date "2023.07.18"]
[WhiteClock "0:00:10"]
[BlackClock "0:00:06"]
[Board "40"]

1. e4 Nf6 2. e5 Nd5 3. d4 d6 4. Nf3 dxe5 5. Nxe5 c6 6. Be2 Bf5 7. Bg4 Bxg4 8. Qxg4 Nd7 9. Nc4 N7f6 10. Qe2 g6 11. O-O Bg7 12. c3 O-O 13. a4 Qc7 14. Qf3 c5 15. dxc5 Qxc5 16. Nba3 Rac8 17. Re1 Rfd8 18. h3 h6 19. Ne5 a6 20. Nc2 Qc7 21. Nd4 e6 22. Bd2 Rf8 23. Re2 Rcd8 24. Rae1 Nd7 25. Ng4 Kh7 26. Bc1 N7f6 27. Ne5 Nd7 28. Nd3 Nc5 29. Nxc5 Qxc5 30. Re4 Qc7 31. h4 h5 32. Qe2 Nf6 33. Re3 Ng4 34. Rg3 Rxd4 35. cxd4 Bxd4 36. Rxg4 hxg4 37. Qxg4 Bg7 38. h5 gxh5 39. Qxh5+ Kg8 40. Be3 Qc2 41. b4 Qxa4 42. Qg4 Qc2 43. Rc1 Qg6 44. Qf3 b5 45. g3 Rd8 46. Rc7 Qf5 47. Qxf5 exf5 48. Rc6 Bd4 49. Bg5 Re8 50. Kf1 Re4 51. Rxa6 Bc3 52. Bf6 Bxf6 53. Rxf6 Rxb4 54. Rxf5 Kg7 55. Rc5 Rb2 56. g4 Kf6 57. Kg2 Ke6 58. Kg3 b4 59. Rb5 Kd6 60. f4 b3 61. g5 Rb1 62. Kg4 Ke6 63. Rb6+ Kd5 64. Kf5 Kc4 65. Kf6 Rf1 66. f5 Kc3 67. Rc6+ Kd3 68. Rb6 Kc2 69. Rc6+ Kd3 70. Rb6 Kc4 71. Rb7 Kc3 72. Rxf7 b2 73. Rb7 b1=Q 74. Rxb1 Rxb1 75. g6 Kd4 76. g7 Rg1 77. Kf7 Ke5 78. f6 Kf5 79. Kf8 Kxf6 80. g8=Q Rxg8+ 81. Kxg8 1/2-1/2


[Site "https://www.chess.com"]

[Event "Titled Tuesday Blitz July 18 Late 2023"]
[White "Sokolovsky, Yahli"]
[Black "Glavina, Pablo"]
[WhiteFideId "2820242"]
[BlackFideId "100234"]
[WhiteElo "2734"]
[BlackElo "2460"]
[Result "0-1"]
[Round "5"]
[TimeControl "180+2"]
[Date "2023.07.18"]
[WhiteClock "0:00:00"]
[BlackClock "0:00:11"]
[Board "41"]

1. b3 d5 2. Bb2 Nf6 3. e3 Bf5 4. Nf3 e6 5. d4 Be7 6. Bd3 Bg6 7. Ne5 O-O 8. O-O c5 9. Nd2 Nc6 10. f4 cxd4 11. exd4 Rc8 12. Nxg6 hxg6 13. c3 Bd6 14. Rf3 Qc7 15. Qf1 Rfd8 16. Re1 a6 17. Qf2 b5 18. a3 Kf8 19. Re5 Ne7 20. Qh4 Nf5 21. Bxf5 gxf5 22. Rg3 Bxe5 23. fxe5 Ne4 24. Nxe4 dxe4 25. Qh8+ Ke7 26. Qxg7 Rf8 27. a4 b4 28. c4 Kd7 29. Bc1 Kc6 30. Qf6 Kb7 31. Rg7 Rcd8 32. Be3 Rd7 33. g3 Qd8 34. Qxd8 Rdxd8 35. h4 Kc6 36. Kf2 Rd7 37. h5 Rh8 38. h6 f4 39. Bxf4 Rxd4 40. Rxf7 Rd3 41. Bg5 Rxb3 42. Ke2 Rxg3 43. Bf4 Rg2+ 44. Ke3 b3 45. Re7 b2 46. Rxe6+ Kc5 47. Kxe4 b1=Q+ 48. Kf3 Qf1+ 0-1


[Site "https://www.chess.com"]

[Event "Titled Tuesday Blitz July 18 Late 2023"]
[White "Riehle, Marco"]
[Black "ArchibaldCerveza29"]
[WhiteFideId "12904392"]
[WhiteElo "2731"]
[BlackElo "2451"]
[Result "1-0"]
[Round "5"]
[TimeControl "180+2"]
[Date "2023.07.18"]
[WhiteClock "0:01:29"]
[BlackClock "0:00:00"]
[Board "42"]

1. e4 e5 2. Nf3 Nc6 3. d4 exd4 4. Bc4 Nf6 5. O-O Nxe4 6. Nc3 Nxc3 7. bxc3 d5 8. Bd3 Be7 9. Re1 O-O 10. cxd4 Bg4 11. c3 Re8 12. h3 Bh5 13. Bf4 Bf8 14. Rxe8 Qxe8 15. Bxc7 Rc8 16. Bg3 Na5 17. Bxh7+ Kxh7 18. Ng5+ Kg6 19. Qd3+ f5 20. h4 Qe2 21. Qxe2 Bxe2 22. Re1 Re8 23. Nh3 Bb5 24. Be5 Bc4 25. Re3 Bxa2 26. Rg3+ Kf7 27. Ng5+ Ke7 28. Nh7 Nc6 29. Nxf8 Rxf8 30. Bxg7 Rf7 31. h5 f4 32. Rg4 Rf5 33. Rh4 Bb1 34. h6 Rg5 35. h7 Bxh7 36. Rxh7 Kd6 37. Bf8+ Ke6 38. Rxb7 Rf5 39. Bc5 Rf7 40. Rb1 1-0


[Site "https://www.chess.com"]

[Event "Titled Tuesday Blitz July 18 Late 2023"]
[White "Jorajuria Mendoza, Algol"]
[Black "Nasuta, Grzegorz"]
[WhiteFideId "5128897"]
[BlackFideId "1141686"]
[WhiteElo "2436"]
[BlackElo "2726"]
[Result "0-1"]
[Round "5"]
[TimeControl "180+2"]
[Date "2023.07.18"]
[WhiteClock "0:00:06"]
[BlackClock "0:00:06"]
[Board "43"]

1. e4 c5 2. Nf3 e6 3. g3 Nc6 4. Bg2 Nf6 5. Qe2 e5 6. Nc3 Be7 7. d3 O-O 8. Bg5 d6 9. O-O Be6 10. h3 a6 11. a4 Rc8 12. Kh2 Ng4+ 13. hxg4 Bxg5 14. Bh3 h6 15. Nd5 Re8 16. Ne3 Bxe3 17. fxe3 g6 18. Nh4 Kg7 19. Rf2 Qd7 20. Nf5+ Kh7 21. Raf1 Qd8 22. Nh4 Rc7 23. Rf6 Kg7 24. Qf3 Rce7 25. Rxe6 fxe6 26. Qf6+ Kh7 27. Nxg6 Rg7 28. Nf8+ Kg8 29. Qxd8 Nxd8 30. g5 Rxf8 31. Rxf8+ Kxf8 0-1


[Site "https://www.chess.com"]

[Event "Titled Tuesday Blitz July 18 Late 2023"]
[White "Wu, Sibo"]
[Black "Papp, Levente"]
[WhiteFideId "8606048"]
[BlackFideId "751243"]
[WhiteElo "2436"]
[BlackElo "2714"]
[Result "0-1"]
[Round "5"]
[TimeControl "180+2"]
[Date "2023.07.18"]
[WhiteClock "0:00:00"]
[BlackClock "0:00:09"]
[Board "44"]

1. d4 e6 2. Bf4 f5 3. e3 Nf6 4. h4 Be7 5. h5 b6 6. h6 g6 7. Nf3 Bb7 8. c3 Ne4 9. Nbd2 Bf6 10. Bd3 d5 11. Ne5 c6 12. Ndf3 O-O 13. g4 Nd7 14. Rg1 Nxe5 15. Nxe5 Bxe5 16. Bxe5 Qh4 17. Bxe4 fxe4 18. Qe2 Ba6 19. Qd2 Rac8 20. g5 Qh5 21. b3 c5 22. Qb2 cxd4 23. Bxd4 Rf5 24. c4 Rxg5 25. Rxg5 Qxg5 26. O-O-O dxc4 27. Bxb6 c3 28. Qa3 c2 29. Re1 Qe5 30. Bd4 Qb5 31. Qe7 Qb7 32. Qxe6+ Qf7 33. Qe5 Kf8 34. Qh8+ Ke7 35. Qe5+ Qe6 36. Qg7+ Kd6 37. Bb2 Bd3 38. Qd4+ Kc6 39. Qc3+ Kb7 40. Qb4+ Qb6 41. Qe7+ Rc7 42. Qe5 Qa6 43. Qd5+ Qc6 44. Qe5 Rf7 45. f4 exf3 46. Qd4 f2 47. Qb4+ Qb6 0-1


[Site "https://www.chess.com"]

[Event "Titled Tuesday Blitz July 18 Late 2023"]
[White "Garcia Cuenca, Victor"]
[Black "Darini, Pouria"]
[WhiteFideId "2250829"]
[BlackFideId "12502200"]
[WhiteElo "2421"]
[BlackElo "2711"]
[Result "0-1"]
[Round "5"]
[TimeControl "180+2"]
[Date "2023.07.18"]
[WhiteClock "0:00:00"]
[BlackClock "0:00:02"]
[Board "45"]

1. Nf3 c5 2. e3 Nf6 3. d4 d5 4. c3 Nbd7 5. Bd3 g6 6. O-O Bg7 7. Nbd2 O-O 8. Qe2 b6 9. e4 dxe4 10. Nxe4 cxd4 11. Nxd4 Bb7 12. Nxf6+ Nxf6 13. Bg5 a6 14. Bh4 Re8 15. Bc4 b5 16. Bb3 e5 17. Nf3 Qc7 18. Rfd1 h6 19. Bxf6 Bxf6 20. Bd5 e4 21. Bxb7 Qxb7 22. Nd4 Rad8 23. Nb3 Qc6 24. Rxd8 Bxd8 25. Rd1 Bb6 26. Nd4 Qf6 27. Nc2 Qe6 28. Nb4 e3 29. fxe3 Bxe3+ 30. Kh1 Bc5 31. Qxe6 Rxe6 32. Nd3 Bd6 33. Kg1 Re2 34. Kf1 Re6 35. h3 h5 36. Re1 Rf6+ 37. Ke2 Rf5 38. g4 Rg5 39. Kf3 Rd5 40. Nf2 hxg4+ 41. hxg4 Kg7 42. Re2 Bc5 43. Ne4 Bb6 44. Rd2 Re5 45. Rd7 Re6 46. g5 Re5 47. Kf4 Rf5+ 48. Kg4 a5 49. Nd6 Rf1 50. Nxb5 Rg1+ 51. Kf4 Rf1+ 52. Ke4 Re1+ 53. Kd5 Rg1 54. Nd6 Rxg5+ 55. Kc6 Bc5 56. Nxf7 Rh5 0-1


[Site "https://www.chess.com"]

[Event "Titled Tuesday Blitz July 18 Late 2023"]
[White "Villarreal, Agustin"]
[Black "Volovich, Vasily"]
[WhiteFideId "125687"]
[BlackFideId "34169676"]
[WhiteElo "2412"]
[BlackElo "2708"]
[Result "0-1"]
[Round "5"]
[TimeControl "180+2"]
[Date "2023.07.18"]
[WhiteClock "0:00:13"]
[BlackClock "0:00:09"]
[Board "46"]

1. d4 Nf6 2. Nf3 e6 3. c4 d5 4. Nc3 Bb4 5. Bg5 h6 6. Bxf6 Qxf6 7. e3 O-O 8. Bd3 dxc4 9. Bxc4 c5 10. dxc5 Bxc3+ 11. bxc3 Qxc3+ 12. Nd2 Rd8 13. Rc1 Qb4 14. Rc2 Nd7 15. c6 bxc6 16. O-O Ne5 17. Be2 Rb8 18. Qc1 Bd7 19. Nb3 Be8 20. Rc5 Nd3 21. Bxd3 Rxd3 22. Rd1 Rbd8 23. Rxd3 Rxd3 24. h3 f6 25. Qc4 Qxc4 26. Rxc4 e5 27. Nc5 Rd1+ 28. Kh2 Rd2 29. Ra4 Rxf2 30. Rxa7 Bf7 31. a4 Rc2 32. Nd7 Bd5 33. a5 Rxg2+ 34. Kh1 Rg3+ 35. Kh2 Rxe3 36. h4 Ra3 37. Nb6 e4 38. a6 e3 39. Kg3 e2+ 40. Kf2 Bf3 41. Ra8+ Kf7 42. a7 Ra1 43. Rf8+ Kxf8 44. a8=Q+ Rxa8 45. Nxa8 c5 46. Nb6 Bg4 47. Nd7+ Bxd7 48. Kxe2 Kf7 49. Kd3 Kg6 50. Kc4 Kh5 51. Kxc5 Kxh4 52. Kd6 g5 0-1


[Site "https://www.chess.com"]

[Event "Titled Tuesday Blitz July 18 Late 2023"]
[White "Shapiro, Daniel"]
[Black "Wieczorek, Oskar"]
[WhiteFideId "2001780"]
[BlackFideId "1133950"]
[WhiteElo "2378"]
[BlackElo "2707"]
[Result "0-1"]
[Round "5"]
[TimeControl "180+2"]
[Date "2023.07.18"]
[WhiteClock "0:00:00"]
[BlackClock "0:00:41"]
[Board "47"]

1. d4 Nf6 2. c4 c5 3. d5 g6 4. Nc3 Bg7 5. e4 d6 6. h3 O-O 7. Nf3 e6 8. Bd3 Na6 9. O-O Nc7 10. Qc2 Rb8 11. dxe6 Nxe6 12. Be3 b6 13. Rfd1 Bb7 14. Rd2 Nh5 15. Rad1 Qe7 16. Bf1 Rbd8 17. Nb5 Nef4 18. Nxd6 Ba8 19. g3 Rxd6 20. Rxd6 Bxe4 21. Qd2 Bxf3 22. Re1 Ne6 23. Rd7 Qf6 24. Rxa7 Bc6 25. Bg2 Bxg2 26. Kxg2 Nd4 27. Qd1 Qc6+ 28. f3 Rd8 29. b4 cxb4 30. Bxd4 Bxd4 31. Qe2 Qd6 32. f4 Bc5 0-1


[Site "https://www.chess.com"]

[Event "Titled Tuesday Blitz July 18 Late 2023"]
[White "Real_taiatai"]
[Black "Quintiliano Pinto, Renato R."]
[BlackFideId "2117568"]
[WhiteElo "2351"]
[BlackElo "2704"]
[Result "0-1"]
[Round "5"]
[TimeControl "180+2"]
[Date "2023.07.18"]
[WhiteClock "0:00:03"]
[BlackClock "0:00:42"]
[Board "48"]

1. d4 Nf6 2. c4 e6 3. g3 d5 4. Bg2 Bb4+ 5. Bd2 Be7 6. Nf3 O-O 7. O-O c6 8. Qc2 b6 9. Bf4 Bb7 10. cxd5 cxd5 11. Nc3 a6 12. Rac1 Nc6 13. Ne5 Rc8 14. Rfd1 b5 15. a3 Qb6 16. Qd3 Rfd8 17. h4 Na5 18. g4 Nc4 19. Rb1 Nxe5 20. dxe5 Nxg4 21. Qg3 h5 22. Bf3 Rc4 23. e3 d4 24. Bxb7 Qxb7 25. exd4 Rcxd4 26. Rxd4 Rxd4 27. f3 Bxh4 28. Qxh4 Rxf4 29. Rd1 Qb6+ 30. Kg2 Ne3+ 31. Kg3 Rxh4 0-1


[Site "https://www.chess.com"]

[Event "Titled Tuesday Blitz July 18 Late 2023"]
[White "Velikanov, Alexander"]
[Black "Vujacic, Igor"]
[WhiteFideId "2039290"]
[BlackFideId "932620"]
[WhiteElo "2702"]
[BlackElo "2326"]
[Result "1-0"]
[Round "5"]
[TimeControl "180+2"]
[Date "2023.07.18"]
[WhiteClock "0:00:22"]
[BlackClock "0:00:00"]
[Board "49"]

1. Nf3 d5 2. c4 e6 3. g3 Nf6 4. Bg2 Be7 5. O-O O-O 6. d4 dxc4 7. Qa4 a6 8. Qxc4 b5 9. Qc2 Bb7 10. Bf4 Bd6 11. Nbd2 Nbd7 12. Nb3 Be4 13. Qd2 Rc8 14. Rfc1 Qe7 15. Qa5 Bxf4 16. gxf4 Qd6 17. e3 Qd5 18. Nbd2 c5 19. Nxe4 Qxe4 20. Qxa6 Ra8 21. Qxb5 Rfb8 22. Qe2 Nd5 23. Qd2 cxd4 24. Nxd4 Qg6 25. f5 exf5 26. Kh1 N7f6 27. Nc6 Rd8 28. Bxd5 Nxd5 29. Qxd5 Rxd5 30. Ne7+ Kf8 31. Nxg6+ hxg6 32. Rc2 g5 33. a4 f4 34. exf4 gxf4 35. Kg2 g5 36. b4 g4 37. a5 Kg7 38. Rb2 Rh8 39. a6 Rdh5 40. Kf1 Rxh2 41. Ke2 Re8+ 42. Kd3 Rh3+ 43. Kc4 Rc8+ 44. Kb5 Rh5+ 45. Kb6 1-0


[Site "https://www.chess.com"]

[Event "Titled Tuesday Blitz July 18 Late 2023"]
[White "StarkyNZ"]
[Black "Rastbod, Ali"]
[BlackFideId "12567477"]
[WhiteElo "2319"]
[BlackElo "2697"]
[Result "0-1"]
[Round "5"]
[TimeControl "180+2"]
[Date "2023.07.18"]
[WhiteClock "0:00:26"]
[BlackClock "0:00:08"]
[Board "50"]

1. c4 e5 2. Nc3 Bb4 3. Nd5 a5 4. Nxb4 axb4 5. a3 Nf6 6. d4 exd4 7. Qxd4 O-O 8. Nf3 Nc6 9. Qh4 d5 10. Bg5 dxc4 11. Qxc4 Be6 12. Qc2 bxa3 13. Rxa3 Rxa3 14. bxa3 Nd4 15. Qb2 c5 16. e3 Nxf3+ 17. gxf3 Qa5+ 18. Qd2 Qxa3 19. Bxf6 gxf6 20. Be2 Qa1+ 21. Bd1 Bb3 22. O-O Bxd1 23. Rxd1 Qe5 24. Qd7 Rb8 25. Rd5 Qe6 26. Qxe6 fxe6 27. Rxc5 b5 28. Rc2 e5 29. Kg2 Kf7 30. Kg3 b4 31. f4 b3 32. Rb2 Ke6 33. e4 Kd6 34. Kg4 Kc5 35. Kf5 exf4 36. Kxf4 Kd4 37. Kf5 Rb5+ 38. Kxf6 Kxe4 39. h4 h5 40. Kg6 Kf3 41. Kh6 Kg4 42. Kg6 Rb6+ 43. Kh7 Kxh4 44. f4 Kg4 45. f5 Kxf5 0-1


[Site "https://www.chess.com"]

[Event "Titled Tuesday Blitz July 18 Late 2023"]
[White "Vetoshko, Volodymyr"]
[Black "SicilianPanzer"]
[WhiteFideId "14122480"]
[WhiteElo "2697"]
[BlackElo "2302"]
[Result "1-0"]
[Round "5"]
[TimeControl "180+2"]
[Date "2023.07.18"]
[WhiteClock "0:00:35"]
[BlackClock "0:00:02"]
[Board "51"]

1. b3 Nf6 2. Bb2 g6 3. Nf3 Bg7 4. g3 a5 5. Bg2 a4 6. b4 O-O 7. O-O d6 8. d4 c6 9. a3 Nbd7 10. c4 Nb6 11. Nbd2 Bf5 12. Nh4 Be6 13. Qc2 Qc8 14. Rfe1 Bh3 15. Bh1 c5 16. bxc5 dxc5 17. d5 e6 18. e4 exd5 19. cxd5 Qc7 20. d6 Qc8 21. e5 Nfd7 22. f4 Be6 23. f5 Bd5 24. e6 Nf6 25. Bxd5 Nbxd5 26. d7 Qd8 27. Qxc5 Rc8 1-0


[Site "https://www.chess.com"]

[Event "Titled Tuesday Blitz July 18 Late 2023"]
[White "Nguyen, Ngoc Truong Son"]
[Black "Mattheii"]
[WhiteFideId "12401110"]
[WhiteElo "2864"]
[BlackElo "2523"]
[Result "1/2-1/2"]
[Round "5"]
[TimeControl "180+2"]
[Date "2023.07.18"]
[WhiteClock "0:00:05"]
[BlackClock "0:00:10"]
[Board "53"]

1. e4 c5 2. Nf3 d6 3. Bb5+ Bd7 4. Bxd7+ Nxd7 5. c4 Ne5 6. d3 Nf6 7. Nc3 e6 8. h3 Be7 9. Bf4 Nfd7 10. O-O O-O 11. Nh2 a6 12. Be3 Nc6 13. f4 Rb8 14. a4 Bf6 15. Kh1 Bxc3 16. bxc3 b5 17. axb5 axb5 18. Ra6 Qc7 19. cxb5 Rxb5 20. Qa4 Rfb8 21. Nf3 h6 22. d4 cxd4 23. cxd4 d5 24. exd5 Nb4 25. Ra7 Qc4 26. Nd2 Qxd5 27. f5 exf5 28. Nf3 Nc6 29. Ra8 Rxa8 30. Qxa8+ Rb8 31. Qa4 Nf6 32. Bf4 Qb5 33. Qxb5 Rxb5 34. Rc1 Nd5 35. Bxh6 gxh6 36. Rxc6 Rb2 37. Rc1 Ne3 38. Re1 f4 39. g3 Nf5 40. gxf4 Rf2 41. Ne5 Rxf4 42. d5 Rd4 43. Ng4 Kg7 44. Rg1 Kf8 45. Nf6 Ke7 46. Ng8+ Kd6 47. Nf6 Ke5 48. Ng4+ Kxd5 49. Kg2 Kc4 50. Rc1+ Kd3 51. Ne5+ Ke4 52. Nxf7 Ne3+ 53. Kg1 Rd2 54. Nxh6 Rg2+ 55. Kh1 Rg3 56. Kh2 Rg2+ 57. Kh1 Rg6 58. Ng4 Nxg4 59. hxg4 Rxg4 60. Rc4+ Kf5 61. Rxg4 Kxg4 1/2-1/2


[Site "https://www.chess.com"]

[Event "Titled Tuesday Blitz July 18 Late 2023"]
[White "Rustemov, Alexander"]
[Black "Besedes, Danilo"]
[WhiteFideId "4119002"]
[BlackFideId "946796"]
[WhiteElo "2862"]
[BlackElo "2532"]
[Result "0-1"]
[Round "5"]
[TimeControl "180+2"]
[Date "2023.07.18"]
[WhiteClock "0:00:20"]
[BlackClock "0:01:42"]
[Board "54"]

1. d4 g6 2. c4 Bg7 3. Nf3 c6 4. e4 d5 5. exd5 cxd5 6. cxd5 Qxd5 7. Nc3 Qd8 8. Bc4 Nf6 9. O-O O-O 10. Ne5 Nc6 11. Nxc6 bxc6 12. Re1 Nd5 13. Ne4 Rb8 14. b3 Bf5 15. Bg5 Bxe4 16. Rxe4 Nc3 17. Bxe7 Nxd1 18. Bxd8 Nc3 19. Re7 Rbxd8 20. Rxa7 Bxd4 21. Rc7 Ne2+ 22. Bxe2 Bxa1 23. g3 Rd2 24. Kf1 Rxa2 25. Rxc6 Bd4 26. Rd6 Ba7 27. Rd7 Bc5 28. Rc7 Bd4 29. Rd7 Bf6 30. Bc4 Kg7 31. h4 h5 32. Kg2 Bc3 33. Kf1 Bb4 34. Rd5 Rc2 35. Rb5 Bd6 36. Kg2 Rc8 37. Rb7 Rc7 38. Rb5 R2xc4 39. bxc4 Rxc4 40. Rb2 Be5 41. Re2 Bf6 42. Rd2 Rb4 43. Re2 Rb2 44. Re4 Bd8 45. Rf4 Bb6 46. Kf1 f5 47. Rf3 Kf6 48. Rf4 Ke5 49. Kg2 Rxf2+ 50. Rxf2 Bxf2 51. Kxf2 Ke4 52. Ke2 f4 53. Kf2 fxg3+ 54. Kxg3 Ke3 55. Kg2 Kf4 56. Kh3 Kf3 57. Kh2 Kg4 0-1


[Site "https://www.chess.com"]

[Event "Titled Tuesday Blitz July 18 Late 2023"]
[White "D`Arruda, Ricardo D."]
[Black "Oro, Faustino"]
[WhiteFideId "100692"]
[BlackFideId "20000197"]
[WhiteElo "2520"]
[BlackElo "2777"]
[Result "0-1"]
[Round "5"]
[TimeControl "180+2"]
[Date "2023.07.18"]
[WhiteClock "0:00:15"]
[BlackClock "0:01:22"]
[Board "55"]

1. d4 Nf6 2. Nf3 e6 3. Nc3 d5 4. g3 c5 5. Bg2 Nc6 6. O-O Be7 7. Be3 cxd4 8. Nxd4 O-O 9. Nxc6 bxc6 10. Bd4 Ba6 11. Re1 c5 12. Be5 Qb6 13. Rb1 Rad8 14. Qd2 d4 15. Ne4 Nd5 16. g4 f6 17. Bg3 e5 18. h4 c4 19. c3 Nc7 20. cxd4 exd4 21. Qf4 Nd5 22. Qf3 Nb4 23. Red1 d3 24. exd3 cxd3 25. a3 Nc2 26. b4 Nd4 27. Qe3 Ne2+ 28. Kh2 Qxe3 29. fxe3 f5 30. gxf5 Rxf5 31. Bh3 Rf3 32. Be6+ Kh8 33. Bg4 Rxe3 34. Bf2 Rxe4 35. Bf3 Rf4 36. Kg2 Rdf8 0-1


[Site "https://www.chess.com"]

[Event "Titled Tuesday Blitz July 18 Late 2023"]
[White "Matinian, Nikita"]
[Black "Leenhouts, Koen"]
[WhiteFideId "24129100"]
[BlackFideId "1008439"]
[WhiteElo "2735"]
[BlackElo "2517"]
[Result "1-0"]
[Round "5"]
[TimeControl "180+2"]
[Date "2023.07.18"]
[WhiteClock "0:00:18"]
[BlackClock "0:00:02"]
[Board "56"]

1. e4 e6 2. d4 d5 3. Nc3 Bb4 4. e5 c5 5. a3 Bxc3+ 6. bxc3 Qc7 7. h4 b6 8. h5 h6 9. Qg4 Kf8 10. Rh3 Ne7 11. Rf3 Bd7 12. Ne2 Nbc6 13. Nf4 Nf5 14. Ne2 Rc8 15. Bd2 cxd4 16. cxd4 Ncxd4 17. Nxd4 Qxe5+ 18. Be3 Ba4 19. Bd3 Bxc2 20. Bxc2 Nxd4 21. Qxd4 Qxd4 22. Bxd4 Rxc2 23. Rc3 Rxc3 24. Bxc3 f6 25. f4 Ke7 26. a4 Rc8 27. Kd2 Rc4 28. g3 d4 29. Bb2 e5 30. Kd3 Rc6 31. a5 b5 32. a6 Ke6 33. Ra5 b4 34. g4 b3 35. f5+ Kd7 36. Rb5 Rxa6 37. Rxb3 Kc6 38. Rb8 Rb6 39. Rxb6+ axb6 40. Ba3 Kd5 41. Bf8 e4+ 42. Ke2 b5 43. Bxg7 b4 44. Bxh6 e3 45. Bf8 b3 46. Ba3 Ke4 47. h6 d3+ 48. Kd1 Kf3 49. h7 d2 50. h8=Q e2+ 51. Kxd2 Kf2 52. Qh2+ 1-0


[Site "https://www.chess.com"]